A+ CENTRAL
DAYTON DRAGONS @ PEORIA CHIEFS
06/04/2042
 
TOP OF THE 1ST
Dayton Dragons batting - Pitching for Peoria Chiefs : RHP Anastasio Silva
Pitching: RHP Anastasio Silva
Batting: LHB César Ortíz 0-0: Swinging Strike
0-1: Swinging Strike
0-2: Strikes out swinging passed ball, reaches first!
Batting: LHB Mike Jenkins 0-0: Called Strike
César Ortíz steals 2nd base
0-1: Swinging Strike
0-2: Strikes out swinging
Batting: RHB José García 0-0: Ball
1-0: Swinging Strike
1-1: Ball
2-1: Called Strike
2-2: Strikes out swinging
Batting: RHB Ted Shields 0-0: Called Strike
0-1: Ball
1-1: Foul Ball, location: 3SF
1-2: Fly out, F4 (Popup, 4, EV 58.1 MPH)
Top of the 1st over - 0 runs, 0 hits, 0 errors, 1 left on base; Dayton 0 - Peoria 0
BOTTOM OF THE 1ST
Peoria Chiefs batting - Pitching for Dayton Dragons : LHP Josh Wilson
Pitching: LHP Josh Wilson
Batting: RHB Luis Jiménez 0-0: Ball
1-0: Ground out U3 (Groundball, 34, EV 76.9 MPH)
Batting: RHB Dan Fletcher 0-0: Foul Ball, location: 23F
0-1: Ball
1-1: Foul Ball, location: 9LDF
1-2: Ball
2-2: Ball
3-2: Base on Balls
Batting: RHB Stan Sherman 0-0: Grounds into double play, 6-4-3 (Groundball, 6, EV 100.6 MPH)
Bottom of the 1st over - 0 runs, 0 hits, 0 errors, 0 left on base; Dayton 0 - Peoria 0
TOP OF THE 2ND
Dayton Dragons batting - Pitching for Peoria Chiefs : RHP Anastasio Silva
Batting: RHB Norberto Gallegos 0-0: Ball
1-0: Called Strike
1-1: Ball
2-1: Ball
3-1: SINGLE (Line Drive, 89S, EV 100.0 MPH)
Batting: RHB Ken Adams 0-0: Swinging Strike
0-1: Swinging Strike
0-2: Strikes out looking
Batting: RHB Oscar Mack 0-0: Ball
1-0: Called Strike
1-1: Called Strike
1-2: Ball
2-2: Strikes out swinging
Batting: RHB Jim Unknown 0-0: Called Strike
0-1: Foul Ball, location: 3SF
0-2: Ball
1-2: Strikes out swinging
Top of the 2nd over - 0 runs, 1 hit, 0 errors, 1 left on base; Dayton 0 - Peoria 0
BOTTOM OF THE 2ND
Peoria Chiefs batting - Pitching for Dayton Dragons : LHP Josh Wilson
Batting: RHB Jim Giles 0-0: Ball
1-0: Called Strike
1-1: Ground out 5-3 (Groundball, 56, EV 103.8 MPH)
Batting: RHB Walt Nelson 0-0: Ball
1-0: Ground out 5-3 (Groundball, 5S, EV 61.3 MPH)
Batting: RHB José Ayala 0-0: Ball
1-0: Fly out, F9 (Flyball, 9D, EV 79.4 MPH)
Bottom of the 2nd over - 0 runs, 0 hits, 0 errors, 0 left on base; Dayton 0 - Peoria 0
TOP OF THE 3RD
Dayton Dragons batting - Pitching for Peoria Chiefs : RHP Anastasio Silva
Batting: LHB Dave Forrest 0-0: Called Strike
0-1: Foul Ball, location: 23F
0-2: Ball
1-2: Ball
2-2: Ball
3-2: Strikes out looking
Batting: LHB César Ortíz 0-0: Ball
1-0: Foul Ball, location: 7LDF
1-1: SOLO HOME RUN (Flyball, 89XD, EV 99.4 MPH), Distance : 399 ft
Batting: LHB Mike Jenkins 0-0: Ball
1-0: Swinging Strike
1-1: Ball
2-1: Ground out 4-3 (Groundball, 4, EV 101.9 MPH)
Batting: RHB José García 0-0: Ball
1-0: Ground out 1-3 (Groundball, 25, EV 65.6 MPH)
Top of the 3rd over - 1 run, 1 hit, 0 errors, 0 left on base; Dayton 1 - Peoria 0
BOTTOM OF THE 3RD
Peoria Chiefs batting - Pitching for Dayton Dragons : LHP Josh Wilson
Batting: LHB Joe Keller 0-0: Called Strike
0-1: Ball
1-1: Ball
2-1: Fly out, F8 (Flyball, 8LS, EV 86.3 MPH)
Batting: SHB Tim Scott 0-0: Foul Ball, location: 7LSF
0-1: Ground out 4-3 (Groundball, 4, EV 103.8 MPH)
Batting: RHB Ron Booker 0-0: DOUBLE (Line Drive, 89D, EV 111.3 MPH)
Batting: RHB Luis Jiménez 0-0: Ball
1-0: Ball
2-0: Ball
3-0: Called Strike
3-1: Called Strike
3-2: Ground out 4-3 (Groundball, 4, EV 71.3 MPH)
Bottom of the 3rd over - 0 runs, 1 hit, 0 errors, 1 left on base; Dayton 1 - Peoria 0
TOP OF THE 4TH
Dayton Dragons batting - Pitching for Peoria Chiefs : RHP Anastasio Silva
Batting: RHB Ted Shields 0-0: SINGLE (Line Drive, 89M, EV 101.3 MPH)
Batting: RHB Norberto Gallegos 0-0: Fly out, F9 (Flyball, 9D, EV 95.0 MPH)
Batting: RHB Ken Adams 0-0: Ball
1-0: Called Strike
1-1: Called Strike
1-2: Foul Ball, location: 2F
1-2: Strikes out swinging
Batting: RHB Oscar Mack 0-0: Ball
1-0: Swinging Strike
1-1: Called Strike
1-2: Ball
2-2: Ball
3-2: Strikes out swinging
Top of the 4th over - 0 runs, 1 hit, 0 errors, 1 left on base; Dayton 1 - Peoria 0
BOTTOM OF THE 4TH
Peoria Chiefs batting - Pitching for Dayton Dragons : LHP Josh Wilson
Batting: RHB Dan Fletcher 0-0: Ball
1-0: Ball
2-0: Called Strike
2-1: Ground out U3 (Groundball, 3L, EV 84.4 MPH)
Batting: RHB Stan Sherman 0-0: Called Strike
0-1: Ball
1-1: Ball
2-1: Fly out, F4 (Popup, 3D, EV 48.8 MPH)
Batting: RHB Jim Giles 0-0: Ground out 4-3 (Groundball, 4, EV 96.9 MPH)
Bottom of the 4th over - 0 runs, 0 hits, 0 errors, 0 left on base; Dayton 1 - Peoria 0
TOP OF THE 5TH
Dayton Dragons batting - Pitching for Peoria Chiefs : RHP Anastasio Silva
Batting: RHB Jim Unknown 0-0: Ball
1-0: Called Strike
1-1: Ball
2-1: Foul Ball, location: 2F
2-2: Foul Ball, location: 9LMF
2-2: Strikes out swinging
Batting: LHB Dave Forrest 0-0: Swinging Strike
0-1: Ball
1-1: Foul Ball, location: 2F
1-2: Strikes out swinging
Batting: LHB César Ortíz 0-0: Ball
1-0: Swinging Strike
1-1: Ball
2-1: Swinging Strike
2-2: Foul Ball, location: 25F
2-2: Ball
3-2: Strikes out swinging
Top of the 5th over - 0 runs, 0 hits, 0 errors, 0 left on base; Dayton 1 - Peoria 0
BOTTOM OF THE 5TH
Peoria Chiefs batting - Pitching for Dayton Dragons : LHP Josh Wilson
Batting: RHB Walt Nelson 0-0: Ball
1-0: Ball
2-0: Called Strike
2-1: SINGLE (Groundball, 4S, EV 73.1 MPH) (infield hit)
Batting: RHB José Ayala 0-0: Called Strike
0-1: Ball
1-1: Ball
2-1: Ball
3-1: Base on Balls
Walt Nelson to second
Batting: LHB Joe Keller 0-0: Called Strike
0-1: Ball
1-1: Ball
2-1: Foul Ball, location: 25F
2-2: Ball
3-2: Grounds into double play, 6-4-3 (Groundball, 6M, EV 80.0 MPH)
Walt Nelson to third
Batting: SHB Tim Scott 0-0: Ball
1-0: Foul Ball, location: 9LMF
1-1: Ball
2-1: Foul Ball, location: 7LSF
2-2: Foul Ball, location: 2F
2-2: Ground out 4-3 (Groundball, 4, EV 81.9 MPH)
Bottom of the 5th over - 0 runs, 1 hit, 0 errors, 1 left on base; Dayton 1 - Peoria 0
TOP OF THE 6TH
Dayton Dragons batting - Pitching for Peoria Chiefs : RHP Anastasio Silva
Batting: LHB Mike Jenkins 0-0: Ground out 4-3 (Groundball, 4, EV 103.1 MPH)
Batting: RHB José García 0-0: Ball
1-0: Ball
2-0: Called Strike
2-1: Swinging Strike
2-2: Strikes out swinging
Batting: RHB Ted Shields 0-0: DOUBLE (Line Drive, 8LXD, EV 101.9 MPH)
Batting: RHB Norberto Gallegos 0-0: Called Strike
0-1: Ball
1-1: Ball
2-1: Foul Ball, location: 2F
2-2: Strikes out swinging
Top of the 6th over - 0 runs, 1 hit, 0 errors, 1 left on base; Dayton 1 - Peoria 0
BOTTOM OF THE 6TH
Peoria Chiefs batting - Pitching for Dayton Dragons : LHP Josh Wilson
Batting: RHB Ron Booker 0-0: Ball
1-0: SINGLE (Groundball, 56, EV 102.5 MPH)
Batting: RHB Luis Jiménez 0-0: Called Strike
0-1: Called Strike
0-2: Foul Ball, location: 9LDF
0-2: Ball
1-2: Grounds into double play, 4-6-3 (Groundball, 34, EV 101.3 MPH)
Batting: RHB Dan Fletcher 0-0: Called Strike
0-1: SINGLE (Groundball, 6M, EV 98.8 MPH)
Batting: RHB Stan Sherman 0-0: DOUBLE (Flyball, 8LXD, EV 99.4 MPH)
Dan Fletcher to third
Runner from 3rd tries for Home, SAFE, throw by CF to trailing runner, SAFE at third!
Batting: RHB Jim Giles 0-0: Ball
1-0: Ball
2-0: Ball
3-0: Base on Balls
Batting: RHB Walt Nelson 0-0: Ball
1-0: Ball
2-0: SINGLE (Line Drive, 89S, EV 103.8 MPH)
Stan Sherman scores
Jim Giles to second
Batting: RHB José Ayala 0-0: 3-RUN HOME RUN (Flyball, 7D, EV 95.6 MPH), Distance : 367 ft
Pitching: RHP Jeff Harrell
Batting: LHB Joe Keller 0-0: Called Strike
0-1: Swinging Strike
0-2: Ball
1-2: Fly out, F5 (Line Drive, 5, EV 76.3 MPH)
Bottom of the 6th over - 5 runs, 5 hits, 0 errors, 0 left on base; Dayton 1 - Peoria 5
TOP OF THE 7TH
Dayton Dragons batting - Pitching for Peoria Chiefs : RHP Anastasio Silva
Batting: RHB Ken Adams 0-0: Ball
1-0: Called Strike
1-1: Foul Ball, location: 2F
1-2: Ball
2-2: Ball
3-2: Strikes out swinging
Batting: RHB Oscar Mack 0-0: Called Strike
0-1: Swinging Strike
0-2: Strikes out swinging
Batting: RHB Jim Unknown 0-0: Ball
1-0: Called Strike
1-1: Ball
2-1: Swinging Strike
2-2: Foul Ball, location: 9LMF
2-2: Ball
3-2: Strikes out swinging
Top of the 7th over - 0 runs, 0 hits, 0 errors, 0 left on base; Dayton 1 - Peoria 5
BOTTOM OF THE 7TH
Peoria Chiefs batting - Pitching for Dayton Dragons : RHP Jeff Harrell
Batting: SHB Tim Scott 0-0: Ball
1-0: Foul Ball, location: 7LSF
1-1: SINGLE (Groundball, 56, EV 83.8 MPH)
Batting: RHB Ron Booker 0-0: Ball
1-0: Ball
2-0: Swinging Strike
2-1: Ball
3-1: Base on Balls
Tim Scott to second
Batting: RHB Luis Jiménez 0-0: Ball
1-0: Called Strike
1-1: Swinging Strike
1-2: SINGLE (Groundball, 34S, EV 71.3 MPH) (infield hit)
Tim Scott to third
Ron Booker to second
Batting: RHB Dan Fletcher 0-0: Ball
1-0: Grounds into fielders choice 6-2 (Groundball, 6, EV 90.6 MPH)
Ron Booker to third
Luis Jiménez to second
Batting: RHB Stan Sherman 0-0: Foul Ball, location: 9LMF
0-1: Ball
1-1: Ball
2-1: Foul Ball, location: 2F
2-2: Foul Ball, location: 5DF
2-2: Ball
3-2: Foul Ball, location: 3FF
3-2: Base on Balls
Ron Booker scores
Luis Jiménez to third
Dan Fletcher to second
Batting: RHB Jim Giles 0-0: Ball
1-0: Ball
2-0: Foul Ball, location: 2F
2-1: Ball
3-1: Called Strike
3-2: Base on Balls
Luis Jiménez scores
Dan Fletcher to third
Stan Sherman to second
Batting: RHB Walt Nelson 0-0: Ball
1-0: Foul Ball, location: 9LMF
1-1: Called Strike
1-2: Strikes out swinging
Batting: RHB José Ayala 0-0: Called Strike
0-1: Foul Ball, location: 5F
0-2: Foul Ball, location: 9LSF
0-2: Ball
1-2: Strikes out looking
Bottom of the 7th over - 2 runs, 2 hits, 0 errors, 3 left on base; Dayton 1 - Peoria 7
TOP OF THE 8TH
Dayton Dragons batting - Pitching for Peoria Chiefs : RHP Anastasio Silva
Pitching: RHP Juan Sánchez
Batting: LHB Dave Forrest 0-0: Ball
1-0: Ball
2-0: Called Strike
2-1: Swinging Strike
2-2: Strikes out swinging
Batting: LHB César Ortíz 0-0: Ball
1-0: SOLO HOME RUN (Flyball, 89XD, EV 103.8 MPH), Distance : 390 ft
Batting: LHB Mike Jenkins 0-0: Swinging Strike
0-1: Swinging Strike
0-2: Strikes out looking
Batting: RHB José García 0-0: Ball
1-0: Called Strike
1-1: Ball
2-1: Foul Ball, location: 9LDF
2-2: Strikes out looking
Top of the 8th over - 1 run, 1 hit, 0 errors, 0 left on base; Dayton 2 - Peoria 7
BOTTOM OF THE 8TH
Peoria Chiefs batting - Pitching for Dayton Dragons : RHP Jeff Harrell
Batting: LHB Joe Keller 0-0: Ball
1-0: Ground out U3 (Groundball, 34, EV 85.6 MPH)
Batting: SHB Tim Scott 0-0: Ball
1-0: Ball
2-0: Foul Ball, location: 2F
2-1: Ball
3-1: Swinging Strike
3-2: Foul Ball, location: 2F
3-2: Foul Ball, location: 2F
3-2: Foul Ball, location: 2F
3-2: Strikes out looking
Batting: RHB Ron Booker 0-0: Ball
1-0: Fly out, F9 (Flyball, 89S, EV 85.0 MPH)
Bottom of the 8th over - 0 runs, 0 hits, 0 errors, 0 left on base; Dayton 2 - Peoria 7
TOP OF THE 9TH
Dayton Dragons batting - Pitching for Peoria Chiefs : RHP Juan Sánchez
Pinch Hitting: LHB Ernesto Arreola 0-0: Ball
1-0: Ball
2-0: Ball
3-0: Called Strike
3-1: Foul Ball, location: 25FF
3-2: Ground out U3 (Groundball, 3, EV 85.0 MPH)
Pinch Hitting: LHB Mauro Vázquez 0-0: Ball
1-0: Swinging Strike
1-1: Ball
2-1: Foul Ball, location: 23FF
2-2: Foul Ball, location: 2F
2-2: Strikes out swinging
Pinch Hitting: RHB Jim Murdoch 0-0: Foul Ball, location: 3SF
0-1: Ball
1-1: Swinging Strike
1-2: Foul Ball, location: 9LDF
1-2: Ball
2-2: Strikes out looking
Top of the 9th over - 0 runs, 0 hits, 0 errors, 0 left on base; Dayton 2 - Peoria 7
Wednesday, May 1st , 2024 - OOTP Baseball 24.10 Build 82